 Dungeon Crawl Stone Soup version 0.25-a0-471-g78e40d7af6 (webtiles) character file.

Game seed: 17778404357262257785, levelgen mode: deterministic

3376 Kohma the Blocker (level 9, 0/70 HPs)
             Began as a Minotaur Fighter on Feb 6, 2020.
             Was a Believer of Okawaru.
             Slain by a death yak (13 damage)
             ... on level 7 of the Dungeon.
             The game lasted 00:17:31 (6038 turns).

Kohma the Blocker (Minotaur Fighter)                Turns: 6038, Time: 00:17:31

Health: 0/70       AC: 10    Str: 24    XL:     9   Next: 74%
Magic:  8/8        EV:  9    Int:  5    God:    Okawaru [**....]
Gold:   168        SH: 13    Dex: 10    Spells: 8/8 levels left

rFire    + . .     SeeInvis +   a - +4 falchion "Gienk" {vorpal, rC+}
rCold    + . .     Gourm    .   c - +0 shield
rNeg     . . .     Faith    .   B - +3 scale mail
rPois    .         Spirit   .   (helmet restricted)
rElec    .         Reflect  .   H - scarf {cloud immunity}
rCorr    .         Harm     .   (no gloves)
MR       .....                  (no boots)
Stlth    ..........             (no amulet)
HPRegen  0.21/turn              p - ring of protection from fire
MPRegen  0.11/turn              E - ring of see invisible

@: no status effects
A: retaliatory headbutt, horns 2
a: Heroism, Renounce Religion


You were on level 7 of the Dungeon.
You worshipped Okawaru.
Okawaru was pleased with you.
You were not hungry.

You visited 2 branches of the dungeon, and saw 9 of its levels.

You collected 408 gold pieces.
You spent 240 gold pieces at shops.

Inventory:

Hand Weapons
 a - the +4 falchion "Gienk" (weapon) {vorpal, rC+}
   (You bought it in a shop on level 5 of the Dungeon)

   It inflicts extra damage upon your enemies.
   It protects you from cold.
Missiles
 r - 15 poisoned darts (quivered)
 s - 6 silver javelins
 D - a throwing net
Armour
 c - a +0 shield (worn)
 B - a +3 scale mail (worn)
 H - a scarf of cloud immunity (worn)
Jewellery
 p - a ring of protection from fire (left hand)
 A - an uncursed ring of flight
 E - a ring of see invisible (right hand)
Wands
 u - a wand of polymorph (9)
 F - a wand of digging (8)
Scrolls
 i - 3 scrolls of remove curse
 k - a scroll of enchant weapon
 l - a scroll of identify
 m - 4 scrolls of amnesia
 n - 4 scrolls of teleportation
 o - a scroll of fog {unknown}
 t - a scroll of fear
Potions
 b - 3 potions of lignification
 d - 3 potions of might
 e - 6 potions of curing
 h - a potion of cancellation
 j - a potion of agility
 q - 2 potions of degeneration
 v - 2 potions of haste
 x - 4 potions of magic
 z - 3 potions of flight
 G - a potion of mutation
Comestibles
 f - 14 rations
 g - a chunk of flesh


   Skills:
 - Level 3.6 Fighting
 + Level 11.6 Long Blades
 - Level 4.0 Armour
 + Level 12.0 Shields


You had 8 spell levels left.
You didn't know any spells.
Your spell library was empty.

Dungeon Overview and Level Annotations

Branches:
Dungeon (8/15)             Temple (1/1) D:6
   Lair: D:8-11

Altars:
Ashenzari
Cheibriados
Dithmenos
Elyvilon
Fedhas
Gozag
Hepliaklqana
Kikubaaqudgha
Makhleb
Nemelex Xobeh
Okawaru
Qazlal
Ru
Sif Muna
Trog
Uskayaw
Vehumet
Wu Jian
Xom
Yredelemnul
Zin
The Shining One

Shops:
D:5 (   D:6 (


Innate Abilities, Weirdness & Mutations

You reflexively headbutt those who attack you in melee.
You have a pair of horns on your head.


Message History

The death yak is moderately wounded.
You completely miss the death yak. Your headbutt misses the death yak.
The death yak is moderately wounded.
You block the death yak's attack.
You slash the death yak!
The death yak is moderately wounded.
You block the death yak's attack.
You slash the death yak! You headbutt the death yak!
The death yak is severely wounded.
The death yak gores you.
You hit the death yak but do no damage.
The death yak is severely wounded.
You hit the death yak. You headbutt the death yak!
The death yak is almost dead.
The death yak gores you!
* * * LOW HITPOINT WARNING * * *
You barely miss the death yak. You headbutt the death yak.
The death yak is almost dead.
The death yak gores you!
You die...

.....###########....# #####.....
'#..................####.........
.#..................#..#.........
.#..................#..#.........
##..................#'##.........
####....#+##................#####
#..#....#..#................#....
'..+....#..#................#....
#..#....#..#....@...........#....
#..#....#..#...Y............#....
#(##....##'#................#####
#.#............######.......#..##
..#............'....#.......#....
..#............#....#.......#....
..'............#....#.......'....
###............#...##.......#..##
.......####'######'#####....####.


You could see a death yak.

Vanquished Creatures
  Prince Ribbit (D:6)
  Sigmund (D:6)
  A spriggan (D:7)
  Edmund (D:6)
  A sky beast (D:6)
  An orc warrior (D:6)
  2 ice beasts
  A phantom (D:4)
  An ogre (D:7)
  4 centaurs
  A necrophage (D:5)
  3 bullfrogs
  2 scorpions (D:5)
  6 killer bees (D:7)
  4 howler monkeys
  A bullfrog zombie (D:5)
  A quasit (D:6)
  4 crimson imps
  2 orc priests
  2 bullfrog skeletons
  5 hounds
  7 orc wizards
  A centaur skeleton (D:7)
  4 worker ants
  A worker ant zombie (D:6)
  16 gnolls
  3 adders
  2 shadow imps
  An ooze (D:3)
  An adder skeleton (D:6)
  A worm (D:5)
  5 dart slugs
  3 leopard geckos
  14 orcs
  7 bats
  4 giant cockroaches
  7 goblins
  6 hobgoblins
  4 jackals (D:2)
  5 quokkas
  8 frilled lizards
  9 kobolds
  9 rats
163 creatures vanquished.

Notes
Turn   | Place    | Note
-------+----------+-------------------------------------------
     0 | D:1      | Kohma the Minotaur Fighter began the quest for the Orb.
     0 | D:1      | Reached XP level 1. HP: 19/19 MP: 0/0
   275 | D:1      | Reached XP level 2. HP: 23/26 MP: 1/1
   410 | D:1      | Reached skill level 4 in Shields
   706 | D:2      | Reached XP level 3. HP: 30/31 MP: 2/2
   916 | D:2      | Found a white marble altar of Elyvilon.
  1005 | D:2      | Noticed an ice beast
  1014 | D:2      | Killed an ice beast
  1014 | D:2      | Reached skill level 5 in Shields
  1014 | D:2      | Reached XP level 4. HP: 39/39 MP: 3/3
  1014 | D:2      | Reached XP level 5. HP: 45/45 MP: 4/4
  1274 | D:3      | Reached skill level 5 in Long Blades
  1316 | D:3      | Reached skill level 6 in Shields
  1764 | D:3      | Found a snail-covered altar of Cheibriados.
  1984 | D:4      | Reached XP level 6. HP: 43/51 MP: 5/5
  2511 | D:4      | Found a shadowy altar of Dithmenos.
  2811 | D:4      | Reached skill level 7 in Shields
  2811 | D:4      | Reached XP level 7. HP: 49/57 MP: 6/6
  2985 | D:5      | Entered Level 5 of the Dungeon
  3340 | D:5      | Found Huskaih's Antique Weapon Emporium.
  3353 | D:5      | Bought an iridescent falchion for 240 gold pieces
  3353 | D:5      | Identified the +4 falchion "Gienk" {vorpal, rC+} (You
                  | bought it in a shop on level 5 of the Dungeon)
  3396 | D:5      | Reached skill level 8 in Shields
  3681 | D:6      | Found Hetex's Weapon Shoppe.
  3697 | D:6      | Reached XP level 8. HP: 54/64 MP: 7/7
  3841 | D:6      | Reached skill level 9 in Shields
  3901 | D:6      | Found a blossoming altar of Fedhas.
  3972 | D:6      | Noticed Sigmund
  3993 | D:6      | Killed Sigmund
  3993 | D:6      | Reached skill level 10 in Shields
  4030 | D:6      | Found a staircase to the Ecumenical Temple.
  4039 | Temple   | Entered the Ecumenical Temple
  4272 | Temple   | Became a worshipper of Warmaster Okawaru
  4359 | D:6      | Noticed Prince Ribbit
  4366 | D:6      | Noticed Edmund
  4384 | D:6      | Killed Prince Ribbit
  4384 | D:6      | Reached skill level 10 in Long Blades
  4384 | D:6      | Reached XP level 9. HP: 20/70 MP: 8/8
  4394 | D:6      | Killed Edmund
  4394 | D:6      | Reached * piety under Okawaru
  4968 | D:7      | Reached skill level 11 in Shields
  5474 | D:7      | Found a sacrificial altar of Ru.
  5812 | D:7      | Reached ** piety under Okawaru
  6008 | D:8      | Noticed a death yak
  6009 | D:8      | Noticed a death yak
  6010 | D:8      | Reached skill level 12 in Shields
  6015 | D:8      | Noticed a death yak
  6038 | D:7      | Slain by a death yak

Levels and vault maps discovered:
D:1:      dpeg_arrival_prison, layout_basic
D:2:      layout_rooms, elyvilon_altar_3
D:3:      minmay_door_path, layout_basic, cheibriados_altar_1, first_ration,
          minmay_goblin_kobold_house
D:4:      layout_loops_cross, nicolae_dithmenos_the_darkroom, st_stairs_12
D:5:      layout_rooms, serial_shops, kennysheep_little_box
D:6:      layout_rooms, minmay_temple_entry_trees, serial_shops,
          nicolae_shop_waterfront, fedhas_altar_4, uniq_sigmund,
          uniq_prince_ribbit1, uniq_edmund
D:7:      layout_gridville, old_standard_altar, the_bakery
D:8:      layout_gridville, dpeg_lair_monsters, uniq_erica
Temple:   dpeg_five_rooms_temple

Skill      XL: |  1  2  3  4  5  6  7  8  9 |
---------------+----------------------------+-----
Armour         | 4 |  4.0
Shields        | 4 5 6 7 8 10 12 | 12.0
Long Blades    | 3 4 5 6 8 10 11 | 11.6
Fighting       | |  3.6

Action                   |  1- 3 |  4- 6 |  7- 9 || total
-------------------------+-------+-------+-------++-------
Melee: Long sword        |   105 |   120 |    53 ||   278
       Headbutt          |    15 |    17 |    45 ||    77
       Falchion          |       |       |   202 ||   202
  Use: Scroll            |       |       |    18 ||    18
       Potion            |       |       |     2 ||     2
  Eat: Chunk             |     1 |     5 |    11 ||    17
Armor: Scale mail        |    54 |    48 |   107 ||   209
Dodge: Dodged            |    38 |    37 |    82 ||   157
Block: Shield            |    51 |    78 |   158 ||   287
       Rpst.: Long sword |    10 |    12 |     5 ||    27
       Falchion          |       |       |    21 ||    21

Table legend:
 A = Non-vault XP
 B = Vault XP
 C = Vault XP percentage of total XP
 D = Non-vault monster count
 E = Vault monster count
 F = Vault count percentage of total count
                 A         B        C        D         E       F
            +---------+---------+-------+---------+---------+-------
      Total |    3915 |     909 |  18.8 |     147 |      16 |   9.8
            +---------+---------+-------+---------+---------+-------
        D:1 |      26 |       4 |  13.3 |      15 |       4 |  21.1
        D:2 |     179 |       0 |   0.0 |      24 |       0 |   0.0
        D:3 |     133 |      13 |   8.9 |      19 |       8 |  29.6
        D:4 |     425 |       0 |   0.0 |      15 |       0 |   0.0
        D:5 |     491 |       0 |   0.0 |      18 |       0 |   0.0
        D:6 |    1207 |     672 |  35.8 |      31 |       3 |   8.8
        D:7 |    1411 |     220 |  13.5 |      24 |       1 |   4.0
        D:8 |      43 |       0 |   0.0 |       1 |       0 |   0.0
            +---------+---------+-------+---------+---------+-------
